Map: Malwarfare

Players

wasp

  • Race: Protoss Protoss

larsgj

  • Race: Terran Terran

VOD

Have the link to the VOD?

Description

Time

  • Played on: Jan. 23, 2019, 12:30 p.m.
  • Length: 26:44
Show
View Real Time Build Order
Export as new Build Order

wasp Protoss 

Build Orders:  

Get SALT Encoding   

    13:34  Probe x12 (Chrono Boost)  
    13:49  Unknown x2  
  12  14:05  Pylon  
  12  14:38  Pylon  
  12  14:59  Gateway  
  12  15:37  Gateway  
  12  16:22  Forge  
  12  16:34  Zealot  
  12  16:35  Zealot  
  16  17:12  Zealot x3  
  22  17:44  Cybernetics Core  
  22  17:55  Zealot x2  
  26  18:19  Zealot  
  28  18:30  Zealot  
  28  18:31  Zealot  
  18  21:08  Zealot x3  
  18  21:09  Zealot x3  
  30  21:52  Zealot  
  30  21:53  Zealot  
  34  22:05  Probe (Chrono Boost)  
  35  22:19  Probe (Chrono Boost)  
  36  22:21  Assimilator  
  36  22:29  Assimilator  
  36  22:33  Probe (Chrono Boost)  
  37  22:46  Probe (Chrono Boost)  
  37  22:49  Zealot  
  40  22:50  Zealot x3  
  46  23:00  Probe (Chrono Boost)  
  46  23:06  Zealot  
  46  23:07  Zealot  
  39  25:15  Zealot x3  
  39  25:16  Zealot x3  
Show
View Real Time Build Order
Export as new Build Order

larsgj Terran 

Build Orders:  

Get SALT Encoding   

    13:14  Orbital Command  
    13:32  SCV x12  
    13:49  Unknown  
  12  13:58  SCV  
  13  14:15  SCV  
  13  14:18  Supply Depot  
  14  14:32  SCV  
  15  14:41  Supply Depot  
  15  14:48  SCV  
  16  15:05  SCV  
  17  15:22  SCV  
  17  15:27  Barracks  
  18  15:39  SCV  
  19  15:54  Refinery  
  19  15:56  SCV  
  20  16:00  Marine, Refinery  
  21  16:12  Supply Depot  
  21  16:13  SCV  
  22  16:22  Supply Depot  
  22  16:29  Barracks  
  22  16:30  SCV  
  23  16:44  Marine  
  24  16:54  Marine  
  25  17:00  Orbital Command  
  25  17:04  Marine  
  26  17:10  Marine  
  26  17:15  Marine  
  28  17:31  Engineering Bay  
  28  17:42  Unknown  
  30  17:50  Barracks Tech Lab  
  30  17:51  Barracks Tech Lab  
  30  18:11  Marine x2  
  30  18:21  Marine x2  
  32  18:31  Marine  
  32  18:32  Marine  
  32  18:34  Stabilizer Medpacks  
  34  18:41  Marine  
  34  18:42  Marine  
  34  18:44  SCV  
  37  18:51  Marine  
  37  18:52  Marine  
  39  19:01  SCV  
  38  19:31  Medic x2  
  42  19:41  Medic x2  
  42  19:49  Supply Depot  
  46  19:52  Marauder x2  
  46  19:56  SCV  
  51  20:08  Medic x2  
  54  20:31  SCV  
  54  20:32  Medic, Supply Depot  
  57  20:40  Supply Depot  
  57  20:47  SCV  
  58  21:00  Barracks  
  58  21:06  Terran Infantry Weapons Level 1  
  52  22:25  Medic  
  52  22:26  Marine  
  53  22:35  Medic  
  53  22:36  Marine  
  56  22:45  Marine x2  
  59  22:55  Marine  
  59  22:56  Marine  
  60  23:06  Marine x2  
  60  23:16  Marine x2  
  59  23:26  Marine  
  59  23:28  Barracks  
  59  23:29  Barracks Tech Lab  
  61  23:36  Marine  
  62  23:45  Terran Infantry Armor Level 1  
  63  23:51  Marine  
  63  23:58  Barracks Tech Lab  
  63  24:01  Marine  
  64  24:11  Marine  
  64  24:12  Marine  
  65  24:22  Medic  
  67  24:32  Medic  
Tags
 
Commander
ArtanisRaynor
Matchup
Co-op
Replay Pack
Multiplayer
Add a new tag
Caveats
  • Supply blocks, unpowered buildings, or Contaminate may cause inaccurate times.
  • Supply counts are checked every 10 seconds.